AoeStats
← Azatapower

Runestones

507399155Analyzed
1v1 RM · 14d ago on Sep 18, 2026· 49m 41s· 2 players
Game mode
Random Map
Map size
Tiny (2 player)
Population
200
Speed
Normal
Resources
Standard
Victory
Conquest
Starting age
Dark Age
Ending age
Imperial Age
RankedLock teamsTeams togetherTeam positionsShared explorationLock speedFull tech treeHidden civsTurbo modeCheats
Victory
Defeat
🇦🇷 Magyars · Argentina
1301
+17
🇧🇷 Armenians · Brazil
1318
-17
DS_Luffy
6:13 Loom
9:03 Feudal Age
9:53 Double-Bit Axe
21:52 Castle Age
20:17 Gold Mining
20:37 Fletching
21:19 Horse Collar
21:46 Padded Archer Armor
22:35 Bodkin Arrow
22:10 Crossbowman
24:30 Bow Saw
29:16 Wheelbarrow
37:20 Imperial Age
34:57 Scale Barding Armor
35:06 Bloodlines
37:24 Chain Barding Armor
38:56 Cavalier
39:39 Husbandry
40:39 Heavy Plow
41:27 Stone Mining
42:17 Gold Shaft Mining
44:55 Bracer
45:32 Plate Barding Armor
44:18 Light Cavalry
47:24 Chemistry
47:26 Leather Archer Armor
48:04 Stone Mining
49:15 Ballistics
Azatapower
6:33 Loom
9:16 Feudal Age
9:23 Man-at-Arms
14:51 Horse Collar
16:49 Fletching
23:48 Castle Age
21:48 Double-Bit Axe
22:21 Scale Mail Armor
22:30 Gold Mining
23:10 Forging
23:18 Padded Archer Armor
23:06 Long Swordsman
25:39 Leather Archer Armor
25:22 Bodkin Arrow
30:35 Wheelbarrow
29:53 Gambesons
30:09 Squires
32:27 Chain Mail Armor
32:49 Two-Handed Swordsman
33:24 Town Watch
34:01 Hand Cart
35:51 Arson
35:26 Pikeman
37:37 Halberdier
39:56 Iron Casting
43:50 Imperial Age
42:38 Town Patrol
42:30 Stone Mining
42:50 Bow Saw
46:42 Bracer
47:25 Conscription
47:46 Capped Ram
48:38 Elite Skirmisher
Connection lost

Rejoining the realm…

Still unreachable

The connection could not be restored.

Session expired

The server has moved on; the page needs a fresh start.